 Dungeon Crawl Stone Soup version 0.18.1-6-gd335043 (webtiles) character file.

206 Scarto the Skirmisher (level 5, 0/42 HPs)
             Began as a Demonspawn Fighter on May 20, 2016.
             Slain by Grinder (6 damage)
             ... while paralysed by Grinder
             ... on level 3 of the Dungeon.
             The game lasted 00:02:59 (1537 turns).

Scarto the Skirmisher (Demonspawn Fighter)          Turns: 1537, Time: 00:03:00

Health: 0/42       AC:  9    Str: 18    XL:     5   Next: 53%
Magic:  5/5        EV:  2    Int:  9    God:
Gold:   58         SH:  0    Dex: 12    Spells: 0 memorised, 4 levels left

rFire  . . .     SeeInvis .     a - +0 war axe
rCold  . . .     Gourm    .     e - +0 chain mail
rNeg   . . .     Faith    .     c - +0 shield
rPois  .         Spirit   .     (no helmet)
rElec  .         Dismiss  .     (no cloak)
rCorr  .         Reflect  .     (no gloves)
SustAt .         Harm     .     (no boots)
MR     .....                    (no amulet)
Stlth  ..........               (no ring)
                                (no ring)

@: paralysed, not resistant to hostile enchantments, extremely unstealthy
A: sturdy frame 1
a: no special abilities


You were on level 3 of the Dungeon.
You were not hungry.

You visited 1 branch of the dungeon, and saw 3 of its levels.

You collected 58 gold pieces.

Inventory:

Hand Weapons
 a - a +0 war axe (weapon)
Armour
 b - a +0 scale mail
 c - a +0 shield (worn)
 e - a +0 chain mail (worn)
Scrolls
 h - a scroll of random uselessness {unknown}
 j - a scroll of magic mapping {unknown}
 m - a scroll of teleportation {unknown}
 o - a scroll of enchant armour {unknown}
Potions
 d - a potion of might
 g - a potion of agility {unknown}
 i - 2 potions of curing {unknown}
 k - a potion of heal wounds {unknown}
 l - a potion of lignification {unknown}
 n - a potion of flight {unknown}
Comestibles
 f - 3 bread rations


   Skills:
 + Level 4.1 Fighting
 + Level 2.7 Axes
 + Level 3.8 Armour
 + Level 3.6 Shields


You had 4 spell levels left.
You didn't know any spells.

Dungeon Overview and Level Annotations

Branches:
Dungeon (3/15)

Altars:
Elyvilon

Annotations:
D:3 Grinder


Innate Abilities, Weirdness & Mutations

Your movements are slightly less encumbered by armour (ER -2).


Message History

You see here a jackal corpse.
Grinder blinks!
There is a stone staircase leading down here.
Found a scroll labeled NIOKEK ECWEAR.
You start resting.
Grinder is nearby!
Grinder is nearby!
You feel a little less mighty now. Grinder gestures at you.
You suddenly lose the ability to move!
Grinder gestures at you. Pain shoots through your body!
* * * LOW HITPOINT WARNING * * *
You can move again.
Grinder gestures at you.
You suddenly lose the ability to move!
Grinder hits you.
* * * LOW HITPOINT WARNING * * *
You writhe in agony.
You die...

##### ...# #########
#.###.###########.......#
#.........#...5##.......###
######.###.#.#..............
.......# #.#.#####....?..##
.#.....# #.#...5@....#####
.#.....###.#########.#
<....................#
.#..#.#.#.#.#.#...##.#
.#................##.#
)#....⌠.....⌠....###.#
.#......._.........#.# .#
.##...⌠.....⌠......#.# .#
........[...........>#####.####


You could see Grinder.

Vanquished Creatures
  The ghost of Scarto the Skirmisher, an amateur DsFi (D:3)
  Natasha (twice) (D:2)
  2 adders (D:2)
  An ooze (D:2)
  A worm (D:2)
  A giant gecko (D:2)
  5 giant cockroaches
  7 hobgoblins
  5 jackals
  4 bats
  2 giant newts (D:2)
  5 goblins
  8 kobolds
  5 rats
49 creatures vanquished.

Notes
Turn   | Place    | Note
--------------------------------------------------------------
     0 | D:1      | Scarto the Demonspawn Fighter began the quest for the Orb.
     0 | D:1      | Reached XP level 1. HP: 18/18 MP: 1/1
   203 | D:1      | Gained mutation: Your movements are slightly less encumbered by armour (ER -2). [demonic ancestry]
   203 | D:1      | Reached XP level 2. HP: 24/24 MP: 2/2
   748 | D:2      | Noticed Natasha
   756 | D:2      | Killed Natasha
   756 | D:2      | Reached XP level 3. HP: 26/29 MP: 3/3
  1007 | D:2      | Noticed Natasha
  1009 | D:2      | Killed Natasha
  1009 | D:2      | Reached XP level 4. HP: 33/37 MP: 4/4
  1448 | D:3      | Found a white marble altar of Elyvilon.
  1469 | D:3      | Noticed Scarto's ghost (amateur DsFi)
  1485 | D:3      | Killed Scarto's ghost
  1485 | D:3      | Reached skill level 4 in Fighting
  1485 | D:3      | Reached XP level 5. HP: 4/42 MP: 5/5
  1494 | D:3      | Noticed Grinder
  1524 | D:3      | Paralysed by Grinder for 3 turns
  1534 | D:3      | Paralysed by Grinder for 4 turns
  1537 | D:3      | Slain by Grinder

Skill      XL: |  1  2  3  4 |
---------------+-------------+-----
Axes           | 2 |  2.7
Armour         | 3 |  3.8
Shields        | 3 |  3.6
Fighting       | 4 |  4.1

Action                   |  1- 3 |  4- 6 || total
-------------------------+-------+-------++-------
Melee: War axe           |    93 |    78 ||   171
  Use: Potion            |       |     1 ||     1
  Eat: Fruit             |       |     3 ||     3
Armor: Chain mail        |    69 |    47 ||   116
       Scale mail        |     4 |       ||     4
Dodge: Dodged            |    26 |    15 ||    41
Block: Shield            |    40 |    52 ||    92
